 Dungeon Crawl Stone Soup version 0.28-a0-938-gbc3f381ebc (webtiles) character file.

Game seed: 3169564294573512262

27 siradein the Charlatan (level 2, 0/21 HPs)
             Began as a Demonspawn Artificer on Nov 28, 2021.
             Succumbed to an adder's poison
             ... on level 2 of the Dungeon.
             The game lasted 00:01:35 (1123 turns).

siradein the Charlatan (Demonspawn Artificer)       Turns: 1123, Time: 00:01:35

Health: 0/21       AC:  5    Str: 12    XL:     2   Next: 93%
Magic:  2/2        EV: 10    Int: 12    God:
Gold:   58         SH:  0    Dex: 13    Spells: 1/1 levels left

rFire   . . .      SeeInvis .   l - +1 dagger (venom)
rCold   . . .      Faith    .   (no shield)
rNeg    . . .      Spirit   .   n - +0 ring mail
rPois   .          Reflect  .   (no helmet)
rElec   .          Harm     .   (no cloak)
rCorr   .          Rampage  .   (no gloves)
Will    .....                   (no boots)
Stlth   +.........              (no amulet)
HPRegen 0.07/turn               (no ring)
MPRegen 0.08/turn               (no ring)

@: lethally poisoned (0 -> -8)
A: hooves 1
a: no special abilities


You were on level 2 of the Dungeon.
You visited 1 branch of the dungeon, and saw 2 of its levels.

You collected 58 gold pieces.

Inventory:

Hand Weapons
 i - a +0 mace
 l - a +1 dagger of venom (weapon)
Missiles
 m - 19 poisoned darts
Armour
 n - a +0 ring mail (worn)
Wands
 c - a wand of flame (13) (quivered)
 d - a wand of charming (26)
Scrolls
 a - a scroll of teleportation {unknown}
 h - a scroll of enchant armour {unknown}
 j - a scroll of identify {unknown}
Potions
 b - a potion of degeneration {unknown}
 f - 2 potions of cancellation {unknown}
 g - a potion of brilliance {unknown}
 k - a potion of curing {unknown}
 o - a potion of invisibility {unknown}
Miscellaneous
 e - a piece from Xom's chessboard (14/15)


   Skills:
 + Level 1.6 Fighting
 + Level 0.6 Maces & Flails
 + Level 2.1 Armour
 + Level 1.3 Dodging
 - Level 0.8 Stealth
 + Level 3.2 Evocations


You had one spell level left.
You didn't know any spells.
Your spell library contained the following spells:

 Spells                   Type           Power      Damage    Failure   Level
 Gell's Gravitas          Tloc           0%         N/A       91%         3
 Lesser Beckoning         Tloc           0%         N/A       91%         3
 Teleport Other           Tloc           0%         N/A       91%         3
 Iskenderun's Battlesphe  Conj           0%         2d6       100%        5
 Iron Shot                Conj/Erth      0%         9d1       100%        6
 Spellforged Servitor     Conj/Summ      0%         N/A       100%        7


Dungeon Overview and Level Annotations

Branches:
Dungeon (2/15)

Altars:


Innate Abilities, Weirdness & Mutations

You have large cloven feet.


Message History

The ball python is severely wounded.
The ball python barely misses you. The ball python constricts you.
You hit the ball python.
You kill the ball python!
Found a stone staircase leading up.
The adder bites you.
You are poisoned.
The adder poisons you! The adder bites you.
You are more poisoned.
The adder poisons you!
You barely miss the adder. Your kick misses the adder.
You feel very sick. The adder bites you but does no damage.
You barely miss the adder.
You feel sick. The adder barely misses you.
You feel sick. The adder misses you.
You feel sick.
You feel sick.
You feel sick.
You feel sick. The adder closely misses you.
You feel sick.
You are no longer poisoned.
The adder barely misses you.
Aiming: Throw Flame
Press: ? - help, Q - select action, (/) - cycle Shift-Dir - straight line, f - adder
Aim: an adder (53% to hit)
The puff of flame misses the adder.
The adder barely misses you.
Unknown command.
You make a move on Xom's chessboard...
The adder seems to grow stronger.
The adder bites you.
* * * LOW HITPOINT WARNING * * *
The adder closely misses you. The adder barely misses you.
The adder barely misses you.
You enter the shallow water.
Moving in this stuff is going to be slow.
The adder bites you.
* * * LOW HITPOINT WARNING * * *
You are lethally poisoned!
The adder poisons you!
You die...

## ..# ###.######### ..#.#.......
..####.#.#.#..###
..#....#.#......######## <
#.#.#..#.#.##.##.##....# ..
#.#.#..#..#S≈@≈.#.#....####.$.
#.#.#..#.#..≈.≈..#......†.....
#.#.#...#≈≈≈≈.≈≈≈≈#.###.......
####.#.#..#).≈.≈≈≈.≈..#.##.......
..........#...≈≈_≈≈...#..........
####.#.#..#...≈≈.≈≈...#.........$
## #.#.#..#...≈.≈.≈...#.#####....
.###.#.#..#..≈.≈.≈.≈..#.. .#..
.....#.#...#≈.≈...≈.≈#.## ##.#


You could see an adder (strong).

Vanquished Creatures
  A worm (D:2)
  A dart slug (D:2)
  2 ball pythons
  An endoplasm (D:1)
  2 giant cockroaches (D:1)
  4 hobgoblins
  A frilled lizard (D:1)
  4 kobolds
  5 rats
21 creatures vanquished.

Notes
Turn   | Place    | Note
-------+----------+-------------------------------------------
     0 | D:1      | siradein the Demonspawn Artificer began the quest for the
                  | Orb.
     0 | D:1      | Reached XP level 1. HP: 15/15 MP: 1/1
   169 | D:1      | Reached skill level 1 in Dodging
   459 | D:1      | Discovered your monstrous ancestry.
   459 | D:1      | Gained mutation: You have large cloven feet. [demonic
                  | ancestry]
   459 | D:1      | Reached XP level 2. HP: 12/21 MP: 2/2
  1065 | D:2      | Found a faded altar of an unknown god.
  1123 | D:2      | Succumbed to an adder's poison

Illustrated notes

Levels and vault maps discovered:
D:1:      lightli_arrival_isolated_outpost, layout_rooms, kennysheep_crisscross,
          minmay_misc_feat_room
D:2:      layout_basic, shapermc_ecumenical_altar_starsandcircs,
          serial_bayou_pond_e, corexii_leaking_fountain, minmay_pentomino_o4

Skill      XL: |  1  2 |
---------------+-------+-----
Dodging        | 1 |  1.3
Armour         | 2 |  2.1
Fighting       | |  1.6
Maces & Flails | |  0.6
Stealth        | |  0.8
Evocations     | |  3.2

Action                   || total
-------------------------++-------
Melee: Club              ||    21
       Mace              ||    27
       Dagger            ||    20
       Kick              ||    11
Evoke: Wand              ||     2
       Piece from Xom's  ||     1
 Stab: Sleeping          ||     1
Armor: Leather armour    ||    17
       Ring mail         ||     4
Dodge: Dodged            ||    38

Table legend: (Time is in decaauts)
 A = Elapsed time spent in this place.
 B = Non-inter-level travel time spent in this place.
 C = Inter-level travel time spent in this place.
 D = Time resting spent in this place.
 E = Time spent auto-exploring this place.
 F = Levels seen in this place.
 G = Mean time per level.
                   A        B        C        D        E       F      G
               +--------+--------+--------+--------+--------+-----+--------+
         Total |   1143 |   1135 |      8 |      0 |    899 |   2 |  571.5 |
       Dungeon |   1143 |   1135 |      8 |      0 |    899 |   2 |  571.5 |
               +--------+--------+--------+--------+--------+-----+--------+

Top non-repeatable levels by time:
     D:1: 895 daAuts
     D:2: 247 daAuts
